AoeStats
← NoName

Arabia

503160762Analyzed
2v2 RM · 1mo ago on Aug 30, 2026· 43m 58s· 4 players
Game mode
Random Map
Map size
Medium (4 player)
Population
200
Speed
Normal
Resources
Standard
Victory
Conquest
Starting age
Dark Age
Ending age
Imperial Age
RankedLock teamsTeams togetherTeam positionsShared explorationLock speedFull tech treeHidden civsTurbo modeCheats
Victory
Defeat
🇪🇸 Armenians · Spain
953
+17
🇪🇸 Magyars · Spain
931
+18
🇹🇷 Mongols · Türkiye
1000
-57
🇹🇷 Ethiopians · Türkiye
967
-17
Optimusprime5.0
0:37 Loom
11:45 Feudal Age
11:52 Man-at-Arms
17:01 Fletching
23:53 Castle Age
22:18 Padded Archer Armor
25:16 Bodkin Arrow
36:37 Gold Mining
40:15 Imperial Age
42:03 Chemistry
42:59 Masonry
Angelot VI
3:32 Loom
10:45 Feudal Age
11:37 Double-Bit Axe
22:06 Castle Age
19:50 Horse Collar
21:04 Man-at-Arms
22:20 Fletching
24:05 Bow Saw
24:32 Gold Mining
25:06 Husbandry
28:57 Thumb Ring
29:24 Bodkin Arrow
31:53 Ballistics
37:29 Imperial Age
36:18 Heavy Plow
39:22 Pikeman
40:26 Bracer
41:03 Conscription
43:50 Wheelbarrow
44:29 Parthian Tactics
44:10 Recurve Bow
Drear
2:26 Loom
12:04 Feudal Age
13:33 Town Watch
15:50 Horse Collar
18:03 Wheelbarrow
18:53 Gold Mining
22:54 Double-Bit Axe
23:03 Stone Mining
23:45 Scale Barding Armor
25:35 Bloodlines
26:12 Forging
34:01 Castle Age
34:22 Light Cavalry
35:03 Husbandry
36:35 Elite Skirmisher
NoName
11:21 Feudal Age
14:10 Double-Bit Axe
16:14 Gold Mining
18:23 Fletching
19:29 Padded Archer Armor
22:42 Castle Age
21:09 Loom
22:47 Crossbowman
23:34 Thumb Ring
23:26 Bodkin Arrow
24:08 Scale Barding Armor
26:54 Ballistics
28:19 Stone Mining
Connection lost

Rejoining the realm…

Still unreachable

The connection could not be restored.

Session expired

The server has moved on; the page needs a fresh start.